 Dungeon Crawl Stone Soup version 0.27.1-33-g824d729ab1 (webtiles) character file.

Game seed: 10103926516928801077

259 potato4science the Sneak (level 6, -2/42 HPs)
             Began as an Octopode Brigand on Dec 23, 2021.
             Slain by a gnoll shaman (5 damage)
             ... on level 3 of the Dungeon.
             The game lasted 00:09:36 (3705 turns).

potato4science the Sneak (Octopode Brigand)         Turns: 3705, Time: 00:09:37

Health: -2/42      AC:  1    Str: 12    XL:     6   Next: 17%
Magic:  6/6        EV: 13    Int: 14    God:
Gold:   131        SH:  0    Dex: 13    Spells: 5/5 levels left

rFire    . . .     SeeInvis .   a - +2 dagger (spect)
rCold    . . .     Faith    .   (no shield)
rNeg     . . .     Spirit   .   (helmet restricted)
rPois    .         Reflect  .   i - amulet of regeneration
rElec    .         Harm     .   (no ring)
rCorr    .         Rampage  .   (no ring)
Will     .....                  (no ring)
Stlth    ++........             (no ring)
HPRegen  1.14/turn              (no ring)
MPRegen  0.10/turn              (no ring)
                                (no ring)
                                (no ring)

@: lit by a corona, glowing
A: almost no armour, amphibious, 8 rings, camouflage 1, gelatinous body 1,
(nimble swimmer 1), tentacles
a: no special abilities


You were on level 3 of the Dungeon.
You visited 1 branch of the dungeon, and saw 4 of its levels.

You collected 131 gold pieces.

Inventory:

Hand Weapons
 a - a +2 spectral dagger (weapon)
Missiles
 b - 18 poisoned darts (quivered)
 c - 2 curare-tipped darts
 r - 14 bolts
Jewellery
 i - an amulet of regeneration (around mantle)
Wands
 p - a wand of flame (12)
Potions
 d - a potion of lignification
 f - a potion of heal wounds {unknown}
 g - a potion of cancellation
 m - a potion of ambrosia {unknown}
 n - 2 potions of degeneration


   Skills:
 - Level 3.0 Fighting
 - Level 3.0 Short Blades
 - Level 2.0 Throwing
 - Level 3.0 Dodging
 + Level 7.9 Stealth


You had 5 spell levels left.
You didn't know any spells.
Your spell library contained the following spells:

 Spells                   Type           Power      Damage    Failure   Level
 Sting                    Tmut/Pois      0%         1d3       28%         1
 Poisonous Vapours        Pois/Air       0%         N/A       41%         2
 Summon Guardian Golem    Hex/Summ       0%         N/A       65%         3
 Olgreb's Toxic Radiance  Pois           0%         N/A       96%         4
 Orb of Destruction       Conj           0%         N/A       100%        7
 Spellforged Servitor     Conj/Summ      0%         N/A       100%        7


Dungeon Overview and Level Annotations

Branches:
Dungeon (4/15)
 Temple: D:4-7

Altars:
Vehumet

Shops:
D:3 !


Innate Abilities, Weirdness & Mutations

You cannot wear most types of armour.
You are amphibious.
You can wear up to eight rings at the same time.
Your skin changes colour to match your surroundings (Stealth+).
Your rubbery body absorbs attacks. (AC +1, EV +1)
((You are camouflaged near water. (Stealth+)))
You have tentacles for arms and can constrict up to eight enemies at once.


Message History

The gnoll shaman closely misses you. The gnoll hits you with a +0 spear!
You hit the gnoll. Your grab misses the gnoll.
The gnoll is moderately wounded.
Your +2 spectral dagger closely misses the gnoll.
The gnoll shaman hits you with a +0 club!
The gnoll hits you with a +0 spear.
You hit the gnoll. Your grab misses the gnoll.
The gnoll is heavily wounded.
Your +2 spectral dagger hits the gnoll!
You kill the gnoll!
The gnoll shaman barely misses you.
The gnoll shaman hits you with a +0 club!
* * * LOW HITPOINT WARNING * * *
There is a stone staircase leading up, spattered with blood here.
The gnoll shaman hits you with a +0 club.
* * * LOW HITPOINT WARNING * * *
You climb upwards.
There is a stone staircase leading down here.
You closely miss the gnoll shaman. You grab the gnoll shaman.
The gnoll shaman is heavily wounded.
You constrict the gnoll shaman.
The gnoll shaman hits you with a +0 club.
* * * LOW HITPOINT WARNING * * *
You hit the gnoll shaman but do no damage.
The gnoll shaman is heavily wounded.
You constrict the gnoll shaman, but do no damage.
The gnoll shaman closely misses you.
You hit the gnoll shaman but do no damage.
The gnoll shaman is heavily wounded.
You constrict the gnoll shaman, but do no damage.
The gnoll shaman hits you with a +0 club!
* * * LOW HITPOINT WARNING * * *
You hit the gnoll shaman but do no damage.
The gnoll shaman is severely wounded.
You constrict the gnoll shaman, but do no damage.
You hit the gnoll shaman but do no damage.
The gnoll shaman is severely wounded.
You constrict the gnoll shaman.
The gnoll shaman hits you with a +0 club.
You die...

#####..#####.#..###.......######
#..#...#.#..# ######..#
#..#.#.#.#..# #..# #..#.#.#.#..#
#..# #..#.#...#..# #.>#
######.#.#####..# #.##
#......#........# #.#
.....#.#.#####.#########.#
#.##.#.#.#...#..@g.......#
#.##.#.#.#.#.#..########.#
#.##...#.#.#.#..# #.#
#.##.#.#...#.#..# #.#
#.##...#####.#..# #.#
#.##.........#.## #.#
#.##...#####.#.#########.#
#.####.#...#.#...........# #.#
#..#.#.#.#..##########


You could see a gnoll shaman (poisoned).

Vanquished Creatures
  Natasha (thrice) (D:3)
  4 gnolls
  7 adders
  2 worms
  9 orcs
  6 ball pythons
  5 bats
  3 endoplasms
  6 giant cockroaches
  2 goblins
  7 hobgoblins
  2 jackals (D:3)
  2 frilled lizards
  2 kobolds
  9 rats
69 creatures vanquished.

Notes
Turn   | Place    | Note
-------+----------+-------------------------------------------
     0 | D:1      | potato4science the Octopode Brigand began the quest for the
                  | Orb.
     0 | D:1      | Reached XP level 1. HP: 14/14 MP: 1/1
    48 | D:1      | Reached skill level 6 in Stealth
    48 | D:1      | Reached XP level 2. HP: 19/19 MP: 2/2
   444 | D:1      | Reached XP level 3. HP: 24/24 MP: 3/3
   582 | D:1      | Found a faded altar of an unknown god.
  1144 | D:2      | Found a radiant altar of Vehumet.
  1335 | D:2      | Reached XP level 4. HP: 29/29 MP: 4/4
  2336 | D:3      | Reached XP level 5. HP: 36/36 MP: 5/5
  2365 | D:3      | Found Urufeuc's Distillery.
  2579 | D:3      | Noticed Natasha
  2591 | D:3      | Killed Natasha
  3111 | D:3      | Noticed Natasha
  3124 | D:3      | Killed Natasha
  3125 | D:3      | Reached skill level 7 in Stealth
  3217 | D:3      | Found Urufeuc's Distillery.
  3484 | D:3      | Noticed Natasha
  3494 | D:3      | Killed Natasha
  3519 | D:4      | Reached XP level 6. HP: 42/42 MP: 6/6
  3703 | D:3      | HP: 1/42 [gnoll shaman (7)]
  3705 | D:3      | Slain by a gnoll shaman

Illustrated notes

Levels and vault maps discovered:
D:1:      mushboom_english_gardens, layout_loops_corners,
          ebering_ecumenical_altar_box, minmay_misc_feat_secret_circle,
          st_stairs_3, amcnicky_mini_pool_small, serial_bayou_lagoon_b
D:2:      minmay_general_purpose_star, layout_loops_corners, basic_altar,
          solitary_fountain
D:3:      layout_loops_ring, serial_shops, shop, roderic_lattice_a, uniq_natasha
D:4:      layout_cave_pools, gammafunk_temple_overflow_claw,
          nicolae_overflow_hidden_temple, serial_rivers,
          chequers_serial_rivers_large_a, chequers_serial_rivers_micro_d,
          chequers_serial_rivers_micro_d, chequers_serial_rivers_room_a,
          grunt_ministairs_13, kennysheep_generic_room_12

Skill      XL: |  1  2  3  4  5 |
---------------+----------------+-----
Stealth        | 6 7 |  7.9
Dodging        | 2 3 |  3.0
Short Blades   | 3 |  3.0
Fighting       | 3 |  3.0
Throwing       | |  2.0

Action                   |  1- 3 |  4- 6 || total
-------------------------+-------+-------++-------
Melee: Dagger            |    47 |    96 ||   143
       Constrict         |    10 |    16 ||    26
       Tentacles         |     3 |    13 ||    16
Throw: Dart              |    12 |    18 ||    30
  Use: Scroll            |       |     9 ||     9
 Stab: Sleeping          |    12 |    24 ||    36
Armor: Skin              |     3 |     2 ||     5
Dodge: Dodged            |    14 |    44 ||    58
